Map: Abyssal Reef LE

Players

Rugi - Winner!

  • Race: Zerg Zerg
  • League: Master
  • Spawn Location: 5:00

Loken

  • Race: Protoss Protoss
  • League: Platinum
  • Spawn Location: 11:00

VOD

Have the link to the VOD?

Description

Time

  • Played on: March 30, 2017, 6:11 a.m.
  • Length: 3:30
Show
View Real Time Build Order
Export as new Build Order

Rugi Zerg - Winner!

Build Orders: Pool First 

Get SALT Encoding   

  12  0:01  Drone  
  13  0:13  Overlord  
  13  0:17  Drone  
  14  0:31  Drone x2  
  14  0:35  Drone  
  17  0:45  Spawning Pool  
  17  0:48  Drone  
  17  0:59  Drone  
  18  1:15  Hatchery  
  19  1:32  Zergling x2  
  19  1:33  Zergling x4  
  19  1:36  Queen, Spore Crawler  
  23  1:42  Hatchery  
  23  1:45  Overlord  
  22  2:03  Drone  
  22  2:06  Drone  
  24  2:16  Queen  
  27  2:22  Drone  
  27  2:24  Extractor  
  27  2:29  Drone  
  27  2:47  Drone x3  
  30  2:57  Drone x3  
  33  3:05  Overlord  
  35  3:07  Spore Crawler  
  35  3:11  Overlord  
Show
View Real Time Build Order
Export as new Build Order

Loken Protoss 

Build Orders: Cannon Rush 

Get SALT Encoding   

  12  0:01  Probe (Chrono Boost)  
  13  0:11  Probe (Chrono Boost)  
  14  0:22  Pylon  
  14  0:26  Probe (Chrono Boost)  
  15  0:41  Probe (Chrono Boost)  
  16  0:46  Forge  
  16  0:57  Pylon  
  16  1:01  Probe (Chrono Boost)  
  17  1:12  Probe (Chrono Boost)  
  18  1:23  Photon Cannon  
  18  1:25  Photon Cannon  
  18  1:36  Pylon  
  18  1:37  Pylon  
  18  1:41  Probe (Chrono Boost)  
  19  1:55  Photon Cannon  
  19  1:58  Photon Cannon  
  19  2:06  Nexus  
  18  2:09  Pylon  
  18  2:16  Gateway  
  18  2:23  Photon Cannon  
  18  2:40  Photon Cannon  
  18  2:48  Photon Cannon  
  18  3:04  Assimilator  
  18  3:05  Probe (Chrono Boost)  
  19  3:10  Assimilator  
  19  3:12  Cybernetics Core  
  19  3:15  Probe (Chrono Boost)  
  19  3:18  Probe (Chrono Boost)  
Tags
 
Add a new tag
Caveats
  • Supply blocks, unpowered buildings, or Contaminate may cause inaccurate times.
  • Supply counts are checked every 10 seconds.